 Dungeon Crawl Stone Soup version 0.31-a0-536-ga3e2962e35 (webtiles) character file.

Game seed: 7115955756430944255

812 Ethylacetat the Sneak (level 7, -3/50 HPs)
             Began as an Octopode Gladiator on Aug 13, 2023.
             Was an Initiate of Gozag.
             Slain by Pikel
             ... wielding a +0 whip of flaming
              (13 damage)
             ... on level 5 of the Dungeon.
             The game lasted 00:03:59 (3814 turns).

Ethylacetat the Sneak (Octopode Gladiator)          Turns: 3814, Time: 00:04:00

Health: -3/50      AC:  1    Str: 14    XL:     7   Next: 93%
Magic:  16/16      EV: 15    Int: 10    God:    Gozag
Gold:   265        SH:  0    Dex: 15    Spells: 6/6 levels left

rFire   . . .        f - +4 spear (freeze)
rCold   . . .        (no shield)
rNeg    + . .        b - +0 hat
rPois   .            k - amulet of the acrobat
rElec   .            u - ring of positive energy
rCorr   .            y - ring of magical power
SInv    .            (no ring)
Will    .....        (no ring)
Stlth   ++++         (no ring)
HPRegen 0.28/turn    (no ring)
MPRegen 0.15/turn    (no ring)
                     (no ring)

%: acrobat
@: no status effects
A: almost no armour, amphibious, 8 rings, camouflage 1, gelatinous body 1,
(nimble swimmer 1), tentacles
a: Renounce Religion, Potion Petition, Call Merchant, Bribe Branch


You were on level 5 of the Dungeon.
You worshipped Gozag.
Gozag was aware of your devotion.
You visited 2 branches of the dungeon, and saw 6 of its levels.

You collected 330 gold pieces.
You paid 65 gold pieces to Gozag.

Inventory:

Hand Weapons
 a - a +0 rapier
 f - a +4 spear of freezing (weapon)
Missiles
 c - 3 throwing nets
 d - a javelin (quivered)
Armour
 b - a +0 hat (worn)
Jewellery
 k - an amulet of the acrobat (around mantle)
 o - an amulet of magic regeneration
 u - a ring of positive energy (left tentacle)
 y - a ring of magical power (right tentacle)
Wands
 x - a wand of flame (4)
Scrolls
 e - 6 scrolls of identify {unknown}
 g - 2 scrolls of enchant armour {unknown}
 i - a scroll of teleportation {unknown}
 m - a scroll of summoning {unknown}
 q - a scroll of brand weapon {unknown}
 s - a scroll of poison {unknown}
 t - a scroll of noise {unknown}
 v - a scroll of blinking {unknown}
 w - a scroll of amnesia {unknown}
Potions
 h - a potion of berserk rage {unknown}
 j - 2 potions of mutation {unknown}
 l - 2 potions of might {unknown}
 n - a potion of cancellation {unknown}
 p - a potion of lignification {unknown}
 r - a potion of attraction {unknown}


   Skills:
 + Level 5.3 Fighting
 - Level 3.0 Short Blades
 - Level 2.0 Throwing
 + Level 5.7 Dodging
 + Level 6.9 Stealth


You had 6 spell levels left.
You didn't know any spells.
Your spell library contained the following spells:

 Spells                   Type           Power      Damage    Failure   Level
 Ignite Poison            Fire/Tmut/Pois 0%         N/A       75%         3
 Sticky Flame             Conj/Fire      0%         2d3       98%         4
 Ignition                 Fire           0%         3d3       100%        8


Dungeon Overview and Level Annotations

Branches:
Dungeon (5/15)             Temple (1/1) D:4

Altars:
Ashenzari
Cheibriados
Elyvilon
Fedhas
Gozag
Hepliaklqana
Nemelex Xobeh
Okawaru
Qazlal
Ru
Uskayaw
Vehumet
Wu Jian
Xom
Yredelemnul
The Shining One

Annotations:
D:5 Pikel


Innate Abilities, Weirdness & Mutations

You cannot wear most types of armour.
You are amphibious.
You can wear up to eight rings at the same time.
Your skin changes colour to match your surroundings (Stealth+).
Your rubbery body absorbs attacks. (AC +1, EV +1)
((You are camouflaged when in or above water. (Stealth+)))
You have tentacles for arms and can constrict up to eight enemies at once.


Message History

You hit the lemure. You freeze the lemure.
The lemure is moderately wounded.
You constrict the lemure. The lemure hits you.
You hit the lemure but do no damage.
The lemure is heavily wounded.
You constrict the lemure. The lemure misses you.
The lemure escapes!
You hit the lemure. You freeze the lemure. Your grab misses the lemure.
The lemure is severely wounded.
The lemure hits you.
You hit the lemure. You freeze the lemure. You grab the lemure.
The lemure is almost dead.
You constrict the lemure. The lemure hits you.
You release your grip on the lemure.
You puncture the lemure! You freeze the lemure.
You kill the lemure!
That felt strangely unrewarding.
You puncture Pikel! You freeze Pikel. Your grab misses Pikel.
Pikel is moderately wounded.
Pikel hits you with a +0 whip of flaming!
Pikel burns you!
You are too injured to fight recklessly!
You are too injured to fight recklessly!
You are too injured to fight recklessly!
You are too injured to fight recklessly!
Unknown command.
You closely miss Pikel. Your grab misses Pikel.
Pikel is moderately wounded.
Pikel barely misses you.
You hit Pikel. You freeze Pikel. Your grab misses Pikel. You squeeze Pikel.
Pikel is heavily wounded.
Pikel hits you with a +0 whip of flaming!
* * * LOW HITPOINT WARNING * * *
Pikel burns you.
* * * LOW HITPOINT WARNING * * *
You barely miss Pikel. You grab Pikel. You squeeze Pikel, but do no damage.
Pikel is heavily wounded.
You constrict Pikel.
Pikel hits you with a +0 whip of flaming!
You die...
Your body crumbles into a pile of gold.

....# #...#
#..##............ ...##
#...# #..#...#.########
#### #...# #..#.#.#.#
#...# #........# ##.##
#........######## #.#
###.#.............
#########.###
#55....#.#########
..........#.## #K#......#
#
##.##.##.....###@####.###
# ##.......##........##.#
##.##.##########.#.##.#
##.##.# #.#..#.#
......##### #......#
##...)....# ####.###
.####.###.### ####.#
..###.#.....# #....#
...##.#.....# #....#


You could see Pikel and 2 lemures.

Vanquished Creatures
  Sigmund (D:3)
  Eustachio (D:4)
  2 ogres (D:5)
  2 lemures
  2 scorpions
  An orc priest (D:5)
  A sleepcap (D:5)
  An orc wizard (D:5)
  6 adders
  3 worms
  5 orcs
  3 bats
  3 endoplasms
  2 giant cockroaches
  3 goblins
  2 hobgoblins
  7 jackals
  3 quokkas
  7 ball pythons
  A frilled lizard (D:2)
  6 kobolds
  8 rats
70 creatures vanquished.

Notes
Turn   | Place    | Note
-------+----------+-------------------------------------------
     0 | D:1      | Ethylacetat the Octopode Gladiator began the quest for the
                  | Orb.
     0 | D:1      | Reached XP level 1. HP: 14/14 MP: 1/1
   130 | D:1      | Reached skill level 1 in Stealth
   178 | D:1      | Reached XP level 2. HP: 19/19 MP: 2/2
   855 | D:2      | Reached skill level 2 in Stealth
   855 | D:2      | Reached XP level 3. HP: 25/25 MP: 3/3
   956 | D:2      | You fall into a shaft and drop 1 floor!
   986 | D:3      | Noticed a scorpion
   989 | D:3      | Killed a scorpion
   990 | D:3      | Reached skill level 3 in Stealth
   990 | D:3      | Reached XP level 4. HP: 31/31 MP: 4/4
  1562 | D:3      | Found a shimmering altar of Xom.
  1675 | D:3      | Noticed Sigmund
  1725 | D:3      | Killed Sigmund
  1726 | D:3      | Reached skill level 4 in Stealth
  1726 | D:3      | Reached XP level 5. HP: 13/37 MP: 5/5
  1726 | D:3      | Reached XP level 6. HP: 15/43 MP: 6/6
  2313 | D:4      | Reached skill level 5 in Stealth
  2371 | D:4      | Noticed Eustachio
  2377 | D:4      | Killed Eustachio
  2378 | D:4      | Reached skill level 5 in Dodging
  2378 | D:4      | Reached XP level 7. HP: 37/49 MP: 7/7
  2576 | D:4      | Noticed a +0 falchion
  2576 | D:4      | Noticed a +0 dagger
  2577 | D:4      | Noticed a +0 short sword
  2577 | D:4      | Noticed a +0 falchion
  2578 | D:4      | Noticed a +0 spear
  2578 | D:4      | Noticed a +0 spear
  2578 | D:4      | Noticed a +0 dagger
  2580 | D:4      | Noticed a +0 short sword
  2642 | D:4      | Found a staircase to the Ecumenical Temple.
  2680 | D:4      | Found a hide-covered altar of Uskayaw.
  2833 | Temple   | Entered the Ecumenical Temple
  2842 | Temple   | Became a worshipper of Gozag Ym Sagoz the Greedy
  2872 | D:5      | Entered Level 5 of the Dungeon
  3154 | D:5      | Reached skill level 6 in Stealth
  3280 | D:5      | Reached skill level 5 in Fighting
  3798 | D:5      | Noticed Pikel
  3814 | D:5      | Slain by Pikel

Illustrated notes

Levels and vault maps discovered:
D:1:      eino_arrival_cavern_c, layout_basic
D:2:      layout_basic
D:3:      layout_loops_ring, lemuel_tele_altar, uniq_sigmund
D:4:      layout_cave_pools, nicolae_uskayaw_en_pointe,
          minmay_temple_entry_junction_2, uniq_eustachio
D:5:      layout_loops_cross, supply_closet_lemuel, uniq_pikel
Temple:   nicolae_temple_ecumenical_triangle

Skill      XL: |  1  2  3  4  5  6  7 |
---------------+----------------------+-----
Stealth        | 1 2 3 4 5 6 |  6.9
Fighting       | 3 4 5 |  5.3
Dodging        | 4 5 |  5.7
Short Blades   | |  3.0
Throwing       | |  2.0

Action                     |  1- 3 |  4- 6 |  7- 9 || total
---------------------------+-------+-------+-------++-------
  Melee: Spear             |    25 |    69 |    59 ||   153
         Rapier            |     4 |       |       ||     4
         Constrict         |     3 |     7 |    11 ||    21
         Punch             |     1 |     1 |       ||     2
         Tentacles         |     1 |     7 |    12 ||    20
  Throw: Javelin           |       |       |     1 ||     1
   Stab: Sleeping          |    13 |    10 |     4 ||    27
 Armour: Skin              |     2 |     3 |     2 ||     7
  Dodge: Dodged            |     5 |    25 |    23 ||    53

Table legend: (Time is in decaauts)
 A = Elapsed time spent in this place.
 B = Non-inter-level travel time spent in this place.
 C = Inter-level travel time spent in this place.
 D = Time resting spent in this place.
 E = Time spent auto-exploring this place.
 F = Levels seen in this place.
 G = Mean time per level.
                   A        B        C        D        E       F      G
               +--------+--------+--------+--------+--------+-----+--------+
         Total |   3829 |   3665 |    164 |     90 |   3043 |   6 |  638.2 |
       Dungeon |   3808 |   3652 |    156 |     90 |   3043 |   5 |  761.6 |
        Temple |     21 |     13 |      8 |      0 |      0 |   1 |   21.0 |
               +--------+--------+--------+--------+--------+-----+--------+

Top non-repeatable levels by time:
     D:5: 833 daAuts
     D:3: 809 daAuts
     D:1: 770 daAuts
     D:2: 725 daAuts
     D:4: 669 daAuts
  Temple: 21 daAuts
